 Dungeon Crawl Stone Soup version 0.29.0-4-gdea44cf6ec (webtiles) character file.

Game seed: 12830647992785311541

1786809 osobenniy the Slayer (level 27, 209/209 HPs)
             Began as a Gnoll Wanderer on Aug 25, 2022.
             Was the Champion of Hepliaklqana.
             Escaped with the Orb
             ... and 3 runes on Aug 26, 2022!
             The game lasted 03:54:12 (59130 turns).

osobenniy the Slayer (Gnoll Wanderer)              Turns: 59130, Time: 03:54:12

Health: 209/209    AC: 19    Str: 11    XL:     27
Magic:  31/45      EV: 22    Int: 32    God:    Hepliaklqana [******]
Gold:   2473       SH:  0    Dex: 17    Spells: 6/62 levels left

rFire   + + +      SeeInvis +   b - +9 arbalest (freeze)
rCold   + + .      Faith    .   (shield currently unavailable)
rNeg    + + .      Spirit   .   r - +1 leather armour "Turiag" {+Blink rElec Regen+}
rPois   +          Reflect  .   T - +2 helmet
rElec   +          Harm     .   Z - +2 cloak {Will+}
rCorr   .          Rampage  .   Q - +0 pair of gloves of the Sun {rC+ Int+3}
Will    ++++.                   O - +2 pair of boots {Stlth+}
Stlth   +++.......              y - amulet of regeneration
HPRegen 2.04/turn               m - ring "Jemeofer" {rC+ rN++ Will+ Int+4}
MPRegen 0.29/turn               x - ring "Wibroint" {rPois rF+++ Str-2 Int+6 SInv}

@: studying Fighting
A: reduced essence, fangs 1, strong nose, distributed training
0: Orb of Zot
}: 3/15 runes: barnacled, silver, gossamer
a: Renounce Religion, Evoke Blink, Recall Ancestor, Ancestor Identity,
Transference, Idealise


You escaped.
You worshipped Hepliaklqana.
Hepliaklqana was exalted by your worship.
You visited 10 branches of the dungeon, and saw 48 of its levels.
You also visited: Sewer, Bailey, Gauntlet and Ice Cave.

You collected 9415 gold pieces.
You spent 6942 gold pieces at shops.

Inventory:

Hand Weapons
 a - a +9 triple sword of flaming
 b - a +9 arbalest of freezing (weapon)
Missiles
 A - 5 throwing nets
 P - 14 curare-tipped darts
Armour
 r - the +1 leather armour "Turiag" (worn) {+Blink rElec Regen+}
   (You found it on level 4 of the Depths)

   rElec:     It insulates you from electricity.
   +Blink:    It lets you blink.
   Regen:     It increases your rate of health regeneration.
 O - a +2 pair of boots of stealth (worn)
 Q - the +0 pair of gloves of the Sun (worn) {rC+ Int+3}
   (You found it on level 3 of the Elven Halls)

   Int:       It affects your intelligence (+3).
   rC:        It protects you from cold.
 T - a +2 helmet (worn)
 Z - a +2 cloak of willpower (worn)
Jewellery
 m - the ring "Jemeofer" (left hand) {rC+ rN++ Will+ Int+4}
   (You found it in an ice cave)

   [ring of protection from cold]

   Int:       It affects your intelligence (+4).
   rC:        It protects you from cold.
   rN:        It greatly protects you from negative energy.
   Will:      It increases your willpower.
 s - the ring "Bask" {rC+ Will+ rCorr Dex-2}
   (You took it off an ironbound convoker on level 5 of the Vaults)

   [ring of resist corrosion]

   Dex:       It affects your dexterity (-2).
   rC:        It protects you from cold.
   rCorr:     It protects you from acid and corrosion.
   Will:      It increases your willpower.
 x - the ring "Wibroint" (right hand) {rPois rF+++ Str-2 Int+6 SInv}
   (You found it in a Gauntlet)

   [ring of intelligence]

   Str:       It affects your strength (-2).
   Int:       It affects your intelligence (+6).
   rF:        It renders you almost immune to fire.
   rPois:     It protects you from poison.
   SInv:      It lets you see invisible.
 y - an amulet of regeneration (around neck)
 L - the ring "Nyumpeu" {rF+ rN++ Will+++ Int+2 Stlth-}
   (You acquired it on level 7 of the Dungeon)

   [ring of protection from fire]

   Int:       It affects your intelligence (+2).
   rF:        It protects you from fire.
   rN:        It greatly protects you from negative energy.
   Will:      It greatly increases your willpower.
   Stlth:     It makes you less stealthy.
 Y - a ring of willpower
Wands
 f - a wand of quicksilver (33)
 B - a wand of iceblast (29)
 S - a wand of charming (41)
 V - a wand of digging (12)
Scrolls
 c - 5 scrolls of silence
 i - 9 scrolls of vulnerability
 k - 8 scrolls of enchant armour
 o - 5 scrolls of poison
 p - 15 scrolls of butterflies
 t - 24 scrolls of teleportation
 z - 3 scrolls of blinking
 H - 4 scrolls of summoning
 J - 3 scrolls of immolation
 M - 7 scrolls of fear
Potions
 d - 8 potions of might
 h - 7 potions of haste
 n - 2 potions of resistance
 q - 29 potions of curing
 w - 11 potions of heal wounds
 C - 18 potions of ambrosia
 E - 14 potions of lignification
 F - 5 potions of flight
 G - 4 potions of attraction
 I - 10 potions of brilliance
 K - 11 potions of mutation
 N - 5 potions of magic
 R - 3 potions of berserk rage
 W - 6 potions of invisibility
 X - 4 potions of cancellation
Miscellaneous
 g - a tin of tremorstones (inert)
 l - a box of beasts
 u - a phantom mirror
 v - a condenser vane
 D - a lightning rod (4/4)
 U - a phial of floods


   Skills:
 + Level 22.5 Fighting
 + Level 18.2 Short Blades
 + Level 18.2 Long Blades
 + Level 18.2 Axes
 + Level 18.2 Maces & Flails
 + Level 18.2 Polearms
 + Level 18.2 Staves
 + Level 20.5 Ranged Weapons
 + Level 18.4 Throwing
 + Level 18.2 Armour
 + Level 18.2 Dodging
 + Level 18.4 Stealth
 + Level 18.2 Shields
 + Level 18.2 Unarmed Combat
 + Level 18.2 Spellcasting
 + Level 15.5 Conjurations
 + Level 15.5 Hexes
 + Level 15.5 Summonings
 + Level 15.5 Necromancy
 + Level 15.5 Translocations
 + Level 15.5 Transmutations
 + Level 15.5 Fire Magic
 + Level 15.5 Ice Magic
 + Level 15.5 Air Magic
 + Level 15.5 Earth Magic
 + Level 15.5 Poison Magic
 + Level 19.9 Invocations
 + Level 18.2 Evocations


You had 6 spell levels left.
You knew the following spells:

 Your Spells              Type           Power      Damage    Failure   Level
a - Olgreb's Toxic Radia  Pois           91%        N/A       1%          4
b - Iron Shot             Conj/Erth      45%        9d9       1%          6
e - Passwall              Tmut/Erth      75%        N/A       0%          2
f - Apportation           Tloc           100%       N/A       0%          1
g - Borgnjor's Vile Clut  Necr/Erth      45%        N/A       1%          5
h - Swiftness             Air            91%        N/A       0%          3
j - Statue Form           Tmut/Erth      60%        N/A       1%          6
k - Ignite Poison         Fire/Tmut/Pois 91%        N/A       0%          3
l - Spellforged Servitor  Conj/Summ      45%        N/A       2%          7
q - Portal Projectile     Hex/Tloc       100%       N/A       0%          3
v - Irradiate             Conj/Tmut      45%        3d26      1%          5
w - Lee's Rapid Deconstr  Erth           45%        3d23*     1%          5
x - Passage of Golubria   Tloc           91%        N/A       1%          4
z - Blink                 Tloc           100%       N/A       0%          2

Your spell library contained the following spells:

 Spells                   Type           Power      Damage    Failure   Level
 Foxfire                  Conj/Fire      100%       2x1d9     0%          1
 Magic Dart               Conj           100%       1d8       0%          1
 Necrotise                Necr           100%       1d9       0%          1
 Shock                    Conj/Air       100%       1d9       0%          1
 Sting                    Tmut/Pois      100%       1d8       0%          1
 Summon Small Mammal      Summ           100%       N/A       0%          1
 Call Imp                 Summ           91%        N/A       0%          2
 Ensorcelled Hibernation  Hex/Ice        100%       N/A       0%          2
 Poisonous Vapours        Pois/Air       100%       N/A       0%          2
 Scorch                   Fire           100%       2d10      0%          2
 Searing Ray              Conj           100%       2d8       0%          2
 Static Discharge         Conj/Air       91%        3-15/arc  0%          2
 Sublimation of Blood     Necr           91%        N/A       0%          2
 Call Canine Familiar     Summ           91%        N/A       0%          3
 Conjure Flame            Conj/Fire      91%        6-21      0%          3
 Dazzling Flash           Conj/Hex       100%       N/A       0%          3
 Gell's Gravitas          Tloc           91%        N/A       0%          3
 Inner Flame              Hex/Fire       91%        N/A       0%          3
 Lesser Beckoning         Tloc           91%        N/A       0%          3
 Mephitic Cloud           Conj/Pois/Air  91%        N/A       0%          3
 Ozocubu's Armour         Ice            91%        N/A       0%          3
 Spider Form              Tmut/Pois      91%        N/A       0%          3
 Summon Guardian Golem    Hex/Summ       91%        N/A       0%          3
 Teleport Other           Tloc           91%        N/A       0%          3
 Tukima's Dance           Hex            91%        N/A       0%          3
 Vampiric Draining        Necr           91%        2d12      0%          3
 Airstrike                Air            45%        2d(7-23)  1%          4
 Anguish                  Hex/Necr       45%        N/A       1%          4
 Animate Dead             Necr           91%        N/A       1%          4
 Dispel Undead            Necr           91%        3d29      1%          4
 Fulminant Prism          Conj/Hex       45%        3d21      1%          4
 Hailstorm                Conj/Ice       91%        3d18      1%          4
 Iskenderun's Mystic Bla  Conj/Tloc      91%        2d18      1%          4
 Leda's Liquefaction      Hex/Erth       45%        N/A       1%          4
 Petrify                  Tmut/Erth      91%        N/A       1%          4
 Sticky Flame             Conj/Fire      91%        2d10      1%          4
 Summon Ice Beast         Ice/Summ       91%        N/A       1%          4
 Summon Lightning Spire   Summ/Air       91%        N/A       1%          4
 Agony                    Necr           91%        N/A       1%          5
 Alistair's Intoxication  Tmut/Pois      60%        N/A       1%          5
 Freezing Cloud           Conj/Ice/Air   45%        6-21      1%          5
 Iskenderun's Battlesphe  Conj           91%        2d14      1%          5
 Lightning Bolt           Conj/Air       45%        1d65      1%          5
 Manifold Assault         Tloc           91%        N/A       1%          5
 Silence                  Hex/Air        45%        N/A       1%          5
 Summon Mana Viper        Hex/Summ       91%        N/A       1%          5
 Yara's Violent Unravell  Hex/Tmut       45%        3d18      1%          5
 Conjure Ball Lightning   Conj/Air       45%        3x3d16    1%          6
 Dispersal                Tloc           45%        N/A       1%          6
 Eringya's Noxious Bog    Tmut/Pois      45%        N/A       1%          6
 Simulacrum               Ice/Necr       45%        N/A       1%          6
 Starburst                Conj/Fire      45%        6d13      1%          6
 Haunt                    Necr/Summ      45%        N/A       2%          7
 Monstrous Menagerie      Summ           45%        N/A       2%          7
 Ozocubu's Refrigeration  Ice            45%        4d17      2%          7
 Storm Form               Tmut/Air       45%        N/A       2%          7
 Disjunction              Tloc           45%        N/A       17%         8
 Ignition                 Fire           45%        3d13      17%         8
 Infestation              Necr           45%        N/A       17%         8
 Lehudib's Crystal Spear  Conj/Erth      45%        10d11     17%         8
 Chain Lightning          Conj/Air       45%        3d60      95%         9
 Fire Storm               Conj/Fire      45%        8d12      95%         9
 Shatter                  Erth           45%        3d35*     95%         9


Dungeon Overview and Level Annotations

Branches:
Dungeon (15/15)            Temple (1/1) D:5            Lair (5/5) D:8
 Shoals (4/4) Lair:3       Spider (4/4) Lair:3        Slime (0/5) Lair:5
    Orc (2/2) D:9             Elf (3/3) Orc:2        Vaults (5/5) D:14
  Crypt (0/3) Vaults:3     Depths (4/4) D:15            Zot (5/5) Depths:4
  Sewer (visited)          Bailey (visited)           IceCv (visited)
Gauntlet (visited)

Altars:
Ashenzari
Cheibriados
Dithmenos
Elyvilon
Fedhas
Gozag
Hepliaklqana
Kikubaaqudgha
Makhleb
Nemelex Xobeh
Okawaru
Qazlal
Ru
Sif Muna
Trog
Uskayaw
Vehumet
Wu Jian
Xom
Yredelemnul
Zin
The Shining One
Jiyva

Shops:
D:4 :   D:13 [:!:*   Orc:2 *[:(   Elf:1 [(*?   Elf:2 (   Elf:3 *   Shoals:1 :*
Shoals:2 ([**   Vaults:5 ?   Depths:1 ?   Depths:4 (

Portals:
Hell: Depths:1 Depths:2 Depths:3 Depths:4
Abyss: Depths:4
Pandemonium: Depths:2
Trove: D:15 (give horn of Geryon)

Annotations:
D:1 Natasha
D:2 Terence
Shoals:3 4 transporters
Elf:2 exclusion: 2 doors
Zot:2 1 transporter
Zot:3 2 transporters, exclusion: orange crystal statue
Zot:5 exclusion: obsidian statue


Innate Abilities, Weirdness & Mutations

Your life essence is reduced to manifest your ancestor. (-10% HP)
You have very sharp teeth.
Your uncanny sense of smell can sniff out nearby items.
Your experience applies equally to all skills.


Message History

The burst of rock shards engulfs the balrug!
The burst of rock shards engulfs the sun demon but does no damage.
The sun demon shouts!
The tremorstone explodes into fragments!
The burst of rock shards engulfs the sun demon!!
You kill the sun demon!
The burst of rock shards engulfs you but does no damage.
The burst of rock shards engulfs the sun demon.
The burst of rock shards engulfs the balrug! x2
You kill the balrug!
The burst of rock shards engulfs the sun demon.
The burst of rock shards engulfs the sun demon!!
The burst of rock shards engulfs the sun demon.
The tin is emptied!
You shoot a bolt. The bolt hits the sun demon!
The bolt freezes the sun demon!
You kill the sun demon!
You shoot a bolt. The bolt hits the sun demon!!!
The bolt freezes the sun demon!!
You kill the sun demon!
Your magical contamination has completely faded away.
There is an open door here.
Natasha, Servant of Life and Death comes into view.
Natasha hisses angrily.
There is a stone staircase leading up here.
Aiming: Charm
Press: ? - help, Shift-Dir - straight line, f - Natasha
Aim: Natasha (chance to affect: 81%) Natasha is charmed.
You climb upwards.
There is a stone staircase leading down here.
Aiming: Dig
Press: ? - help, Shift-Dir - straight line, f - you Please select a direction to dig.
A stone staircase leading down.
This square is covered in magical glow.
The rock shatters into small pieces.
There is a staircase leading out of the dungeon here.
Press: ? - help, v - describe, . - travel
Here: Natasha (charmed, friendly)
The floor.
You have escaped!

#.................#######.......
#...............### #.......
#...............# ######..
##...........###### ##.
##.....#...##~##~## #.
######..###~P~~P~## ##
#.###~P8PP8P~# #
#.####~P..P.#### #
#.#...~~@h.....# #
#...##~♣....#..# ##
##..#~♣8♣.8.~#.## #.
##.##~♣~~.~##..## ####.
#..##~##~###.#.####....
##..######.............
#......########.##....
#....#..........>.....
#.........######...#.#


You could see the friendly Natasha (charmed).

Vanquished Creatures
  3 dread liches
  Boris (Vaults:2)
  The ghost of Juzit the Bludgeoner, a legendary GnFi of Cheibriados (Zot:3)
  Saint Roka (Orc:2)
  2 Killer Klowns (Zot:4)
  A curse toe (Zot:2)
  Rupert (D:14)
  An Ice Fiend (IceCv)
  9 tentacled monstrosities
  An Orb Guardian (D:5)
  A quicksilver dragon (Zot:1)
  A walking frostbound tome (Depths:2)
  2 deep elf master archers (Elf:3)
  2 deep elf blademasters (Elf:3)
  A titan (Depths:2)
  2 krakens
  7 shadow dragons
  2 sphinxes
  4 tengu reavers
  Roxanne (Spider:3)
  6 storm dragons
  3 draconian monks
  6 frost giants
  6 vault wardens
  A fire giant (Depths:1)
  An iron dragon (Vaults:5)
  4 draconian knights
  2 emperor scorpions
  5 draconian scorchers
  3 ghost moths
  A balrug (D:2)
  A deep elf sorcerer (Elf:1)
  A spriggan defender (Depths:2)
  2 draconian shifters (Zot:1)
  A deep elf elementalist (Elf:3)
  4 draconian annihilators
  10 very ugly things
  An angel (Zot:4)
  10 stone giants
  4 draconian stormcallers
  13 ironbound preservers
  2 broodmothers (Spider:4)
  4 ironbound thunderhulks
  2 war gargoyles (Vaults:5)
  3 vampire knights
  5 green draconians
  3 purple draconians
  8 deep elf annihilators
  A spectral titan (Depths:3)
  4 entropy weavers
  5 deep elf demonologists (Elf:3)
  A lorocyproca (D:3)
  2 red draconians
  5 white draconians
  3 black draconians
  12 dire elephants
  3 yellow draconians
  Snorg (D:11)
  4 spark wasps
  An eidolon (Vaults:3)
  6 ettins
  A deep elf death mage (Elf:3)
  11 merfolk impalers
  4 merfolk javelineers
  3 deep elf high priests
  5 great orbs of eyes
  A spectral golden dragon (Depths:3)
  4 ice dragons
  6 fire dragons
  2 rakshasas
  9 yaktaur captains
  9 boulder beetles
  2 hell beasts (Depths:1)
  31 vault guards
  4 caustic shrike simulacra (IceCv)
  4 hydras
  A peacekeeper (Vaults:4)
  2 jorogumos (Spider:4)
  3 radroaches
  20 centaur warriors
  2 spriggan air magi
  2 ironbound frosthearts
  2 alligators (Lair:4)
  3 merfolk avatars
  3 merfolk aquamancers (Shoals:4)
  10 deep troll shamans
  2 alligator snapping turtles
  11 death yaks
  12 dancing weapons
  3 tengu warriors
  A satyr (Shoals:4)
  4 two-headed ogres
  A two-headed ogre (shapeshifter) (Zot:4)
  2 spriggan berserkers (Depths:2)
  11 deep troll earth magi
  5 orc high priests (Orc:2)
  5 sun demons
  12 deep elf knights
  3 hell knights
  Amaemon (Lair:2)
  4 iron trolls
  4 pharaoh ants
  2 skeletal warriors (D:14)
  3 glowing orange brains
  6 sea snakes
  4 steelbarb worms
  44 deep trolls
  A quicksilver dragon simulacrum (Depths:1)
  4 deep elf archers
  4 orb spiders
  2 bog bodies (IceCv)
  A glowing orange brain (shapeshifter) (Vaults:2)
  10 wizards
  Pikel (D:7)
  2 obsidian statues (IceCv)
  5 orc knights
  18 deep elf zephyrmancers
  14 ironbound convokers
  6 lindwurms
  A spriggan simulacrum (IceCv)
  16 harpies
  4 phantasmal warriors
  17 wolf spiders
  21 deep elf pyromancers
  5 necromancers
  4 orc sorcerers (Orc:2)
  5 cyclopes
  11 manticores
  14 ugly things
  4 salamanders
  16 fauns
  A centaur zombie (D:12)
  An elephant (Lair:5)
  24 moths of wrath
  9 water nymphs
  2 torpor snails (Spider:1)
  4 black mambas
  12 merfolk sirens
  A titan simulacrum (Depths:3)
  10 vault sentinels
  An eye of devastation (shapeshifter) (Depths:3)
  A demonic crawler (Spider:1)
  9 cane toads
  4 unseen horrors
  A hellion (D:3)
  4 freezing wraiths
  5 komodo dragons
  7 yaktaurs
  5 tengu conjurers
  A rime drake (Lair:4)
  39 merfolk
  7 trolls
  A queen bee (D:15)
  An anaconda simulacrum (Spider:2)
  2 golden dragon simulacra (IceCv)
  A polar bear (shapeshifter) (D:13)
  8 meliai
  A merfolk (shapeshifter) (Vaults:5)
  4 polar bears
  A shadow dragon simulacrum (Depths:3)
  2 spectral glowing shapeshifters (Depths:3)
  6 wind drakes
  19 blink frogs
  19 dream sheep
  4 hornets
  A hornet (shapeshifter) (Elf:2)
  A raiju (Gauntlet)
  11 tarantellas
  A raiju (shapeshifter) (Elf:3)
  2 tyrant leeches (Lair:4)
  An iron dragon simulacrum (Depths:3)
  A snapping turtle (shapeshifter) (D:11)
  2 sphinx simulacra (Depths:3)
  3 snapping turtles
  A slime creature (shapeshifter) (Depths:4)
  12 slime creatures
  20 jumping spiders
  2 air elementals
  3 culicivoras
  5 water elementals
  7 spriggans
  7 wyverns
  3 wraiths
  14 humans (D:14)
  2 fire bats (Depths:1)
  34 yaks
  A basilisk (Lair:1)
  8 fire elementals
  7 vampire mosquitoes
  5 steam dragons
  A golden eye (shapeshifter) (D:10)
  33 redbacks
  4 wargs
  A minotaur simulacrum (Spider:2)
  A harpy simulacrum (IceCv)
  A warg (shapeshifter) (D:15)
  3 swamp worms (Lair:4)
  3 acid dragons
  Duvessa (D:7)
  A nameless horror (Depths:4)
  11 water moccasins
  An alligator simulacrum (Spider:2)
  5 hell hounds (D:7)
  40 orc warriors
  Pargi (Sewer)
  3 ettin simulacra (IceCv)
  8 ogres
  A black bear (Lair:2)
  9 boggarts
  A sky beast (D:6)
  12 wolves
  7 centaurs
  A kobold brigand (D:7)
  5 bullfrogs
  2 gnoll sergeants (D:6)
  2 necrophages
  A glowing shapeshifter simulacrum (Depths:3)
  An earth elemental (Elf:2)
  9 scorpions
  2 small abominations (Gauntlet)
  11 wights
  Dowan (D:7)
  11 killer bees
  2 lindwurm simulacra (Spider:2)
  6 howler monkeys
  2 electric eels (Lair:4)
  A lava snake (D:13)
  4 hounds
  11 jellies
  26 orc priests
  3 gnoll boudas
  Natasha (twice) (D:2)
  2 iguanas
  21 orc wizards
  A boggart simulacrum (D:15)
  Robin (D:2)
  10 gnolls
  7 adders
  A white imp (D:8)
  An ufetubus (D:5)
  5 worms
  A dart slug (D:5)
  85 orcs
  6 endoplasms
  6 giant cockroaches
  17 goblins
  9 hobgoblins
  2 jackals (D:2)
  2 quokkas
  5 ball pythons
  8 bats
  7 frilled lizards
  16 kobolds
  4 rats
  A butterfly (Zot:4)
  A fire vortex (D:13)
  5 tentacles
1520 creatures vanquished.

Vanquished Creatures (collateral kills)
  A dread lich (Vaults:5)
  An ancient lich (Vaults:5)
  An orb of fire (Zot:1)
  The ghost of xzight the Conqueror, a legendary MiBe of Trog (Depths:3)
  Bai Suzhen (Depths:1)
  A Killer Klown (Zot:4)
  5 golden dragons
  A bone dragon (Depths:1)
  6 tentacled monstrosities
  3 liches
  An Orb Guardian (Zot:4)
  A deep elf blademaster (Elf:2)
  6 quicksilver dragons
  2 titans (Vaults:5)
  2 death cobs
  The ghost of zielscheibe the Summoner, an adept OpSu of Gozag (Shoals:4)
  10 storm dragons
  6 tengu reavers (Vaults:5)
  7 shadow dragons
  2 draconian monks
  3 fire giants (Depths:1)
  2 draconian knights
  7 frost giants
  5 vault wardens
  3 deep elf sorcerers
  2 emperor scorpions (Spider:4)
  An orc warlord (Orc:2)
  5 draconian scorchers
  A ghost moth (Spider:4)
  A spectral caustic shrike (Depths:3)
  A deep elf elementalist (Elf:3)
  2 iron dragons
  A draconian shifter (Zot:1)
  3 angels (Zot:4)
  A draconian stormcaller (Zot:4)
  7 very ugly things
  2 draconian annihilators
  3 ironbound preservers (Vaults:5)
  9 stone giants
  2 war gargoyles
  3 ironbound thunderhulks
  4 deep elf annihilators (Elf:3)
  5 green draconians
  3 broodmothers
  3 white draconians
  7 black draconians
  A dire elephant (Vaults:2)
  A minotaur (Gauntlet)
  7 yellow draconians
  4 purple draconians
  3 red draconians
  5 spark wasps
  3 merfolk impalers
  An ettin (Depths:4)
  Josephine (Orc:1)
  3 fire dragons
  A merfolk javelineer (Shoals:4)
  The ghost of Ypehuijo the Spear-Bearer, a journeyman OpFi of Gozag (Lair:5)
  A rakshasa (Depths:1)
  A great orb of eyes (Vaults:4)
  6 ice dragons
  5 vault guards
  A spriggan air mage (Depths:2)
  A spectral tengu (Depths:3)
  2 deep elf high priests
  A caustic shrike simulacrum (Depths:3)
  3 boulder beetles
  A hydra (Lair:5)
  3 ironbound frosthearts
  A jorogumo (Spider:1)
  A merfolk aquamancer (Shoals:4)
  A merfolk avatar (Shoals:2)
  2 centaur warriors
  The ghost of Plazmod the Destroyer, a journeyman DECj of Vehumet (D:12)
  6 dancing weapons (Elf:2)
  An alligator (Lair:4)
  An alligator snapping turtle (Shoals:3)
  A spriggan berserker (Depths:4)
  A satyr (Shoals:3)
  A deep troll shaman (Depths:4)
  A thrashing horror (Gauntlet)
  2 death yaks (Lair:5)
  A hell knight (Depths:4)
  3 deep troll earth magi
  A deep elf knight (Elf:1)
  A soul eater (Depths:2)
  A pharaoh ant (Spider:1)
  2 skeletal warriors (D:14)
  3 salamander mystics
  4 iron trolls
  3 sea snakes
  19 deep trolls
  2 flayed ghosts
  3 orb spiders
  A lindwurm (shapeshifter) (Depths:1)
  2 deep elf archers
  A glowing orange brain (Depths:1)
  A spriggan simulacrum (Spider:2)
  3 steelbarb worms
  A necromancer (D:14)
  An orc knight (Orc:2)
  8 deep elf pyromancers
  5 ironbound convokers
  5 lindwurms
  A wizard (Vaults:1)
  4 harpies
  5 phantasmal warriors
  6 deep elf zephyrmancers
  12 ugly things
  A faun (Shoals:3)
  5 manticores
  8 wolf spiders
  3 cyclopes
  An elephant (Lair:5)
  4 moths of wrath
  4 salamanders
  A merfolk siren (Shoals:4)
  2 black mambas
  7 vault sentinels
  A water nymph (Shoals:4)
  A fire giant skeleton (Vaults:4)
  A torpor snail (Spider:2)
  A centaur zombie (D:12)
  An orange demon (Lair:2)
  8 cane toads
  A smoke demon (Depths:2)
  2 demonic crawlers (Spider:2)
  A rime drake (Lair:5)
  3 ice devils (IceCv)
  5 freezing wraiths
  A komodo dragon (Lair:5)
  2 yaktaurs (Vaults:1)
  A tengu conjurer (Depths:1)
  A golden dragon simulacrum (IceCv)
  2 meliai
  5 wind drakes
  10 merfolk
  A troll (shapeshifter) (Vaults:5)
  2 trolls
  3 hornets
  3 snapping turtles (Shoals:4)
  5 tarantellas
  8 dream sheep
  12 slime creatures
  4 blink frogs
  9 water elementals
  2 culicivoras
  2 jumping spiders
  A spriggan (Bailey)
  An air elemental (Elf:2)
  A fire bat (shapeshifter) (Vaults:5)
  2 shadows
  3 humans (D:14)
  A fire elemental (Elf:2)
  A fire bat (Depths:1)
  2 wraiths (Orc:1)
  13 yaks
  A minotaur simulacrum (Spider:2)
  13 redbacks
  3 vampire mosquitoes
  2 wargs (Orc:2)
  A harpy simulacrum (Spider:2)
  An ogre zombie (Vaults:4)
  A floating eye (Depths:4)
  An ogre skeleton (Vaults:4)
  5 orc warriors (Orc:2)
  7 ogres
  A wolf (Lair:5)
  A centaur (D:6)
  A phantom (D:7)
  A kobold brigand (D:9)
  2 bullfrogs
  A human skeleton (Vaults:4)
  3 earth elementals (Elf:2)
  5 wights
  2 small abominations (Gauntlet)
  4 killer bees (D:15)
  2 howler monkeys
  4 jellies (Lair:5)
  6 orc priests
  A hound (D:6)
  8 orc wizards
  3 gnolls
  A shadow imp (D:7)
  18 orcs
  A giant cockroach (Lair:3)
  3 goblins (D:7)
  A hobgoblin (D:6)
  5 kobolds
  2 butterflies (Zot:4)
  A tentacle (Shoals:2)
591 creatures vanquished.

Vanquished Creatures (others)
  A storm dragon (Depths:4)
  A vault warden (Vaults:4)
  A stone giant (Depths:1)
  A green draconian (Zot:1)
  2 purple draconians
  An ettin (Depths:1)
  A faun (Shoals:4)
  3 yaktaurs
  2 merfolk (Shoals:4)
  28 knights
  An orc wizard (Orc:2)
  3 ancestors (D:6)
  10 fungi
  A pillar of salt (Zot:4)
  115 plants
  2 tentacles (Shoals:4)
  4 toadstools (D:1)
177 creatures vanquished.

Grand Total: 2288 creatures vanquished

Notes
Turn   | Place    | Note
-------+----------+-------------------------------------------
     0 | D:1      | Reached skill level 10 in Ranged Weapons
     0 | D:1      | osobenniy the Gnoll Wanderer began the quest for the Orb.
     0 | D:1      | osobenniy set off with the following items: a scroll of
                  | teleportation, a +1 shortbow, a scroll of silence, a +0
                  | leather armour.
     0 | D:1      | Reached XP level 1. HP: 20/20 MP: 2/2
    64 | D:1      | Reached XP level 2. HP: 26/26 MP: 3/3
   366 | D:2      | Learned a level 2 spell: Blink
   507 | D:2      | Reached XP level 3. HP: 31/31 MP: 4/4
   530 | D:2      | Noticed Terence
   593 | D:2      | Noticed Robin
   617 | D:2      | Killed Robin
   618 | D:2      | Reached skill level 1 in Short Blades
   618 | D:2      | Reached skill level 1 in Long Blades
   618 | D:2      | Reached skill level 1 in Axes
   618 | D:2      | Reached skill level 1 in Maces & Flails
   618 | D:2      | Reached skill level 1 in Polearms
   618 | D:2      | Reached skill level 1 in Staves
   618 | D:2      | Reached skill level 1 in Armour
   618 | D:2      | Reached skill level 1 in Dodging
   618 | D:2      | Reached skill level 1 in Shields
   618 | D:2      | Reached skill level 1 in Unarmed Combat
   618 | D:2      | Reached skill level 1 in Spellcasting
   618 | D:2      | Reached skill level 1 in Evocations
   840 | D:2      | Noticed Natasha
   846 | D:2      | Killed Natasha
   847 | D:2      | Reached skill level 1 in Conjurations
   847 | D:2      | Reached skill level 1 in Hexes
   847 | D:2      | Reached skill level 1 in Summonings
   847 | D:2      | Reached skill level 1 in Necromancy
   847 | D:2      | Reached skill level 1 in Translocations
   847 | D:2      | Reached skill level 1 in Transmutations
   847 | D:2      | Reached skill level 1 in Fire Magic
   847 | D:2      | Reached skill level 1 in Ice Magic
   847 | D:2      | Reached skill level 1 in Air Magic
   847 | D:2      | Reached skill level 1 in Earth Magic
   847 | D:2      | Reached skill level 1 in Poison Magic
   847 | D:2      | Reached XP level 4. HP: 38/38 MP: 6/6
   971 | D:2      | Learned a level 3 spell: Teleport Other
  1357 | D:3      | Reached XP level 5. HP: 43/43 MP: 7/7
  1963 | D:4      | Noticed a centaur
  2945 | D:4      | Killed a centaur
  2946 | D:4      | Reached skill level 5 in Fighting
  2946 | D:4      | Reached XP level 6. HP: 26/51 MP: 8/8
  3193 | D:4      | Found Cueseoc's Book Emporium.
  3226 | D:4      | Found a hide-covered altar of Uskayaw.
  3560 | D:5      | Entered Level 5 of the Dungeon
  3564 | D:5      | Found a staircase to the Ecumenical Temple.
  3583 | Temple   | Entered the Ecumenical Temple
  3864 | Temple   | Became a worshipper of Hepliaklqana the Forgotten
  3932 | D:4      | Reached XP level 7. HP: 36/56 MP: 10/10
  4317 | D:5      | Found a glowing golden altar of the Shining One.
  4568 | D:6      | Identified a scroll of acquirement
  4572 | D:6      | Acquired the +7 quarterstaff of Laxiq {spect, rPois Str+3
                  | SInv}
  4611 | D:6      | Found a glowing drain.
  4614 | D:6      | Noticed a steam dragon
  4623 | D:6      | Killed a steam dragon
  4624 | D:6      | Reached XP level 8. HP: 54/63 MP: 12/12
  4643 | Sewer    | Entered a sewer
  4671 | Sewer    | Noticed Pargi
  4680 | Sewer    | Killed Pargi
  4756 | D:6      | Reached * piety under Hepliaklqana
  5103 | D:6      | Reached skill level 6 in Fighting
  5106 | D:6      | Reached skill level 5 in Invocations
  5128 | D:6      | Reached XP level 9. HP: 62/62 MP: 14/14
  5297 | D:6      | Reached skill level 5 in Throwing
  5399 | D:6      | Reached skill level 5 in Stealth
  5631 | D:6      | Acquired 1126 gold pieces
  5735 | D:7      | Reached ** piety under Hepliaklqana
  5736 | D:7      | Remembered your ancestor Nenetl as a knight
  5861 | D:7      | Noticed Pikel
  5864 | D:7      | Killed Pikel
  5925 | D:7      | Found a shadowy altar of Dithmenos.
  5977 | D:7      | Noticed Dowan
  5977 | D:7      | Noticed Duvessa
  5981 | D:7      | Killed Dowan
  5987 | D:7      | Killed Duvessa
  6121 | D:7      | Found a flagged portal.
  6131 | Bailey   | Entered a bailey
  6145 | Bailey   | Reached skill level 5 in Short Blades
  6145 | Bailey   | Reached skill level 5 in Long Blades
  6145 | Bailey   | Reached skill level 5 in Axes
  6145 | Bailey   | Reached skill level 5 in Maces & Flails
  6145 | Bailey   | Reached skill level 5 in Polearms
  6145 | Bailey   | Reached skill level 5 in Staves
  6145 | Bailey   | Reached skill level 5 in Armour
  6145 | Bailey   | Reached skill level 5 in Dodging
  6145 | Bailey   | Reached skill level 5 in Shields
  6145 | Bailey   | Reached skill level 5 in Unarmed Combat
  6145 | Bailey   | Reached skill level 5 in Spellcasting
  6145 | Bailey   | Reached skill level 5 in Evocations
  6146 | Bailey   | Reached XP level 10. HP: 69/69 MP: 17/17
  6159 | Bailey   | Reached skill level 7 in Fighting
  6197 | Bailey   | Noticed a two-headed ogre
  6240 | Bailey   | Killed a two-headed ogre
  6280 | Bailey   | Identified the +4 hand axe of Osezaymu {flame, Fly Int-2
                  | Dex+7 Stlth+}
  6336 | Bailey   | Learned a level 4 spell: Leda's Liquefaction
  6738 | D:7      | Acquired the ring "Nyumpeu" {rF+ rN++ Will+++ Int+2 Stlth-}
  6829 | D:8      | Found a staircase to the Lair.
  6952 | D:8      | Found a basalt altar of Yredelemnul.
  8053 | D:9      | Reached *** piety under Hepliaklqana
  8142 | D:9      | Reached skill level 5 in Conjurations
  8142 | D:9      | Reached skill level 5 in Hexes
  8142 | D:9      | Reached skill level 5 in Summonings
  8142 | D:9      | Reached skill level 5 in Necromancy
  8142 | D:9      | Reached skill level 5 in Translocations
  8142 | D:9      | Reached skill level 5 in Transmutations
  8142 | D:9      | Reached skill level 5 in Fire Magic
  8142 | D:9      | Reached skill level 5 in Ice Magic
  8142 | D:9      | Reached skill level 5 in Air Magic
  8142 | D:9      | Reached skill level 5 in Earth Magic
  8142 | D:9      | Reached skill level 5 in Poison Magic
  8180 | D:9      | Reached XP level 11. HP: 68/76 MP: 20/20
  8357 | D:9      | Found a staircase to the Orcish Mines.
  8551 | D:9      | Found a white marble altar of Elyvilon.
  8722 | D:10     | Entered Level 10 of the Dungeon
  8730 | D:10     | Found an opulent altar of Gozag.
  8887 | D:10     | Reached skill level 8 in Fighting
  8890 | D:10     | Noticed a centaur warrior
  8891 | D:10     | Killed a centaur warrior
  9128 | D:10     | Identified the +2 ring mail "Neareoc" {Harm Will+ Str-5
                  | Slay+3}
  9162 | D:10     | Reached **** piety under Hepliaklqana
  9320 | D:10     | Found a shimmering blue altar of Sif Muna.
  9529 | D:11     | Identified the +4 scale mail of the Camelopard {rPois Dex-5
                  | SInv}
  9577 | D:11     | Noticed Snorg
  9581 | D:11     | Killed Snorg
  9588 | D:11     | Learned a level 4 spell: Olgreb's Toxic Radiance
  9715 | D:11     | Noticed a boulder beetle
  9721 | D:11     | Killed a boulder beetle
  9722 | D:11     | Reached XP level 12. HP: 84/84 MP: 22/22
  9735 | D:11     | Identified the +1 scale mail of the Orb Guardian {*Slow
                  | Will+ Dex+4 Stlth+}
 10209 | D:4      | Bought the Octavo of Noxious Unholy Mysteries for 336 gold
                  | pieces
 10209 | D:4      | Bought a book of Burglary for 240 gold pieces
 10213 | D:4      | Learned a level 3 spell: Ignite Poison
 10216 | D:4      | Learned a level 2 spell: Passwall
 10220 | D:4      | Learned a level 3 spell: Swiftness
 10220 | D:4      | Bought Great Wizards, Vol. VII for 360 gold pieces
 10225 | D:4      | Learned a level 4 spell: Passage of Golubria
 10475 | Lair:1   | Entered Level 1 of the Lair of Beasts
 10704 | Lair:1   | Noticed a death yak
 10705 | Lair:1   | Noticed a death yak
 10705 | Lair:1   | Noticed a death yak
 10705 | Lair:1   | Noticed a death yak
 10705 | Lair:1   | Noticed a death yak
 10705 | Lair:1   | Noticed a death yak
 10719 | Lair:1   | Killed a death yak
 10726 | Lair:1   | Killed a death yak
 10727 | Lair:1   | Reached skill level 9 in Fighting
 10729 | Lair:1   | Killed a death yak
 10736 | Lair:1   | Killed a death yak
 11383 | Lair:2   | Reached ***** piety under Hepliaklqana
 11412 | Lair:2   | Noticed an eight-headed hydra
 11417 | Lair:2   | Killed an eight-headed hydra
 11637 | Lair:2   | Reached XP level 13. HP: 90/90 MP: 11/25
 11739 | Lair:2   | Found a stormy altar of Qazlal.
 12002 | Lair:2   | Noticed Amaemon
 12008 | Lair:2   | Killed Amaemon
 12670 | Lair:3   | Found a hole to the Spider Nest.
 13125 | Lair:3   | Found a staircase to the Shoals.
 13269 | Lair:3   | Reached skill level 10 in Fighting
 13269 | Lair:3   | Reached skill level 10 in Invocations
 13594 | Lair:3   | Acquired the +9 staff of Olgreb {rPois∞}
 13594 | Lair:3   | Found the +9 staff of Olgreb {rPois∞}
 14149 | Orc:1    | Entered Level 1 of the Orcish Mines
 14405 | Orc:2    | Entered Level 2 of the Orcish Mines
 14581 | Orc:2    | Reached XP level 14. HP: 86/99 MP: 22/27
 15065 | Orc:2    | Noticed Saint Roka
 15118 | Orc:2    | Killed Saint Roka
 15309 | Orc:2    | Found a staircase to the Elven Halls.
 15905 | Orc:2    | Reached skill level 10 in Throwing
 15905 | Orc:2    | Noticed an orc warlord
 16062 | Orc:2    | Killed an orc warlord
 16063 | Orc:2    | Reached skill level 10 in Stealth
 16367 | Orc:2    | Found Oneepy's Antique Armour Boutique.
 16368 | Orc:2    | Found Utynion's Antique Weapon Shop.
 16370 | Orc:2    | Found Qivyarhi's General Store.
 16370 | Orc:2    | Found Jaxtoxzeakh's Book Boutique.
 16504 | Orc:2    | Bought a crude double sword for 680 gold pieces
 16504 | Orc:2    | Identified the +5 double sword "Goblinslayer" {freeze, rF+
                  | Int+4} (You bought it in a shop on level 2 of the Orcish
                  | Mines)
 16505 | Orc:2    | Bought a glowing cloak for 262 gold pieces
 16505 | Orc:2    | Bought an encrusted scale mail for 315 gold pieces
 16505 | Orc:2    | Identified the +0 scale mail of Beogh's Outrage {rN+} (You
                  | bought it in a shop on level 2 of the Orcish Mines)
 16519 | Orc:2    | Bought Great Wizards, Vol. II for 532 gold pieces
 16520 | Orc:2    | Bought a potion of curing for 33 gold pieces
 16520 | Orc:2    | Bought a scroll of teleportation for 33 gold pieces
 16520 | Orc:2    | Bought a scroll of blinking for 82 gold pieces
 16627 | Orc:1    | Noticed Josephine
 16633 | Orc:1    | Killed Josephine
 16872 | Orc:2    | Bought a book of Alchemy for 392 gold pieces
 16878 | Orc:2    | Learned a level 5 spell: Irradiate
 17431 | Orc:2    | Learned a level 5 spell: Borgnjor's Vile Clutch
 17841 | Lair:4   | Found a gate leading to a gauntlet.
 17851 | Lair:4   | Got the Cyclopedia of Wicked Liturgies
 17874 | Lair:4   | Identified the ring "Dadwumm" {*Corrode rElec rN+ Str+4}
 17887 | Gauntlet | Entered a Gauntlet
 17887 | Gauntlet | Found a transporter.
 17887 | Gauntlet | Found a transporter.
 17897 | Gauntlet | Found a transporter.
 17901 | Gauntlet | Found a transporter.
 17908 | Gauntlet | Found a transporter.
 17911 | Gauntlet | Found a transporter.
 17917 | Gauntlet | Found a runed translucent gate.
 17919 | Gauntlet | Found a transporter.
 17920 | Gauntlet | Found a runed translucent gate.
 17921 | Gauntlet | Found a runed translucent gate.
 17937 | Gauntlet | Found a transporter.
 17943 | Gauntlet | Found a transporter.
 17945 | Gauntlet | Found a transporter.
 17955 | Gauntlet | Found a transporter.
 18004 | Gauntlet | Found a transporter.
 18075 | Gauntlet | Identified the +1 falchion of Linearity {venom, Drain Fly
                  | rPois Stlth+}
 18169 | Gauntlet | Identified the ring "Wibroint" {rPois rF+++ Str-2 Int+6
                  | SInv}
 18193 | Gauntlet | Identified the +7 plate armour of Serendipity {rPois rF-
                  | Str+4 Dex+6}
 18205 | Gauntlet | Reached skill level 11 in Fighting
 18317 | Gauntlet | Identified the +4 rapier "Rawkiem" {flame, rPois Str+2
                  | Int+6 Dex-5}
 18415 | Lair:4   | Reached skill level 10 in Short Blades
 18415 | Lair:4   | Reached skill level 10 in Long Blades
 18415 | Lair:4   | Reached skill level 10 in Axes
 18415 | Lair:4   | Reached skill level 10 in Maces & Flails
 18415 | Lair:4   | Reached skill level 10 in Polearms
 18415 | Lair:4   | Reached skill level 10 in Staves
 18415 | Lair:4   | Reached skill level 10 in Armour
 18415 | Lair:4   | Reached skill level 10 in Dodging
 18415 | Lair:4   | Reached skill level 10 in Shields
 18415 | Lair:4   | Reached skill level 10 in Unarmed Combat
 18415 | Lair:4   | Reached skill level 10 in Spellcasting
 18415 | Lair:4   | Reached skill level 10 in Evocations
 18734 | Lair:4   | Reached XP level 15. HP: 106/106 MP: 12/29
 19394 | Lair:5   | Entered Level 5 of the Lair of Beasts
 19529 | Lair:5   | Found a viscous altar of Jiyva.
 19532 | Lair:5   | Found a staircase to the Slime Pits.
 20526 | Lair:5   | Found a runed translucent door.
 20527 | Lair:5   | Noticed Ypehuijo's ghost (journeyman OpFi)
 20581 | Lair:5   | Killed Ypehuijo's ghost
 20982 | D:12     | Reached ****** piety under Hepliaklqana
 21128 | Orc:2    | Bought a runed arbalest for 255 gold pieces
 21286 | D:12     | Noticed Plazmod's ghost (journeyman DECj)
 21286 | D:12     | Noticed a tengu reaver
 21287 | D:12     | Found a transporter.
 21407 | D:12     | Found a transporter.
 21684 | D:12     | Found a basalt altar of Yredelemnul.
 21818 | D:12     | Killed a tengu reaver
 21828 | D:12     | Killed Plazmod's ghost
 21833 | D:12     | Acquired 1213 gold pieces
 22020 | D:13     | Found Ginorips's Armour Emporium.
 22063 | D:13     | Found Kosujucu's Book Emporium.
 22407 | D:13     | Found Ukhes's Book Boutique.
 22411 | D:13     | Bought a book of Party Tricks for 208 gold pieces
 22413 | D:13     | Learned a level 1 spell: Apportation
 22418 | D:13     | Found Tidaet's CLEARANCE SALE!.
 22427 | D:13     | Bought a potion of curing for 12 gold pieces
 22448 | D:13     | Found Jepedd's Distillery.
 22452 | D:13     | Bought a potion of flight for 42 gold pieces
 22452 | D:13     | Bought a potion of degeneration for 14 gold pieces
 22452 | D:13     | Bought a potion of resistance for 140 gold pieces
 22452 | D:13     | Bought a potion of heal wounds for 70 gold pieces
 22452 | D:13     | Bought a potion of curing for 42 gold pieces
 22452 | D:13     | Bought a potion of curing for 42 gold pieces
 22452 | D:13     | Bought a potion of curing for 42 gold pieces
 22452 | D:13     | Bought a potion of ambrosia for 112 gold pieces
 22815 | D:14     | Noticed Rupert
 22824 | D:14     | Killed Rupert
 22876 | D:14     | Reached XP level 16. HP: 114/114 MP: 30/30
 23405 | D:14     | Reached skill level 12 in Fighting
 23405 | D:14     | Found a gate to the Vaults.
 23746 | D:15     | Entered Level 15 of the Dungeon
 23748 | D:15     | Found a portal to a secret trove of treasure.
 23857 | D:15     | Reached skill level 15 in Ranged Weapons
 24737 | D:15     | Found a staircase to the Depths.
 24964 | Elf:1    | Entered Level 1 of the Elven Halls
 25094 | Elf:1    | Found Bocsapt's Antique Armour Shop.
 25100 | Elf:1    | Found Teogoikk's General Store.
 25100 | Elf:1    | Found Deufuif's Weapon Shop.
 25105 | Elf:1    | Found Fecotyt's Magic Scroll Boutique.
 25623 | Elf:1    | Bought a pitted scale mail for 243 gold pieces
 25623 | Elf:1    | Identified the +0 scale mail of the Dragonfruit {rC+} (You
                  | bought it in a shop on level 1 of the Elven Halls)
 25623 | Elf:1    | Bought a translucent ring mail for 243 gold pieces
 25623 | Elf:1    | Identified the +1 ring mail of Death's Door {Will+ Str+4
                  | Slay+3} (You bought it in a shop on level 1 of the Elven
                  | Halls)
 25846 | Elf:1    | Paralysed by an air elemental for 1 turns
 26167 | Elf:2    | Paralysed by an air elemental for 1 turns
 26171 | Elf:2    | Paralysed by an air elemental for 1 turns
 26186 | Elf:2    | Reached XP level 17. HP: 121/121 MP: 24/32
 26303 | Elf:2    | Found Ulunirog's Antique Weapon Emporium.
 26491 | Elf:2    | Reached skill level 10 in Conjurations
 26491 | Elf:2    | Reached skill level 10 in Hexes
 26491 | Elf:2    | Reached skill level 10 in Summonings
 26491 | Elf:2    | Reached skill level 10 in Necromancy
 26491 | Elf:2    | Reached skill level 10 in Translocations
 26491 | Elf:2    | Reached skill level 10 in Transmutations
 26491 | Elf:2    | Reached skill level 10 in Fire Magic
 26491 | Elf:2    | Reached skill level 10 in Ice Magic
 26491 | Elf:2    | Reached skill level 10 in Air Magic
 26491 | Elf:2    | Reached skill level 10 in Earth Magic
 26491 | Elf:2    | Reached skill level 10 in Poison Magic
 26515 | Elf:2    | Got Pimipy's Spellbook of Ignition
 26550 | Elf:2    | Found a runed translucent gate.
 26550 | Elf:2    | Found a runed translucent gate.
 26672 | Elf:2    | Found a runed translucent gate.
 27203 | Elf:2    | Noticed a deep elf blademaster
 27211 | Elf:2    | Killed a deep elf blademaster
 27601 | Elf:3    | Entered Level 3 of the Elven Halls
 27745 | Elf:3    | Paralysed by an air elemental for 1 turns
 27819 | Elf:3    | Found Buulij's Assorted Antiques.
 27891 | Elf:3    | Reached skill level 13 in Fighting
 28086 | Elf:3    | Noticed a deep elf blademaster
 28094 | Elf:3    | Noticed an Ice Fiend
 28096 | Elf:3    | Killed a deep elf blademaster
 28269 | Elf:3    | Noticed a deep elf master archer
 28273 | Elf:3    | Killed a deep elf master archer
 28300 | Elf:3    | Noticed a Brimstone Fiend
 28308 | Elf:3    | Identified the ring "Ytiemm" {rN+ Int+5}
 28321 | Elf:3    | Noticed a deep elf blademaster
 28325 | Elf:3    | Killed a deep elf blademaster
 28497 | Elf:3    | Reached XP level 18. HP: 117/128 MP: 26/34
 28609 | Elf:3    | Noticed a deep elf master archer
 28614 | Elf:3    | Killed a deep elf master archer
 28837 | Elf:3    | Got the Monograph on Toxicity
 28840 | Elf:3    | Identified the +0 pair of gloves of the Sun {rC+ Int+3}
 29536 | Shoals:1 | Entered Level 1 of the Shoals
 29541 | Shoals:1 | Found Lauklil's General Store.
 29737 | Orc:2    | Bought a manual of Fighting for 1120 gold pieces
 30605 | Shoals:1 | Found Iloeth's Self-Improvement Boutique.
 31410 | Shoals:2 | Reached skill level 14 in Fighting
 31616 | Shoals:2 | Found Caupaumo's Visitors' Centre.
 31621 | Shoals:2 | Found Caupaumo's Merfolk Armours.
 31621 | Shoals:2 | Found Caupaumo's Merfolk Magic.
 31621 | Shoals:2 | Found Caupaumo's Merfolk Weapons.
 32336 | Shoals:3 | Found a transporter.
 32337 | Shoals:3 | Found a transporter.
 32340 | Shoals:3 | Found a transporter.
 32340 | Shoals:3 | Found a transporter.
 32573 | Shoals:3 | Found a transporter.
 32573 | Shoals:3 | Found a transporter.
 32911 | Shoals:4 | Entered Level 4 of the Shoals
 32915 | Shoals:4 | Found a runed translucent door.
 32919 | Shoals:4 | Noticed zielscheibe's ghost (adept OpSu)
 33273 | Shoals:4 | Reached XP level 19. HP: 130/137 MP: 26/36
 33889 | Shoals:4 | Got a barnacled rune of Zot
 34250 | Shoals:4 | Reached skill level 15 in Fighting
 34256 | Shoals:4 | Identified the +5 scale mail of the Orb Guardian {*Slow rC+
                  | Will+ Dex+5}
 34281 | Shoals:4 | Identified the +0 scale mail of Failure {MP+9}
 34611 | Shoals:4 | Killed zielscheibe's ghost
 34742 | Spider:1 | Entered Level 1 of the Spider Nest
 34986 | Vaults:1 | Entered Level 1 of the Vaults
 35105 | Vaults:1 | Reached skill level 15 in Invocations
 35939 | Vaults:1 | Reached XP level 20. HP: 130/147 MP: 15/37
 36744 | Vaults:1 | Reached skill level 16 in Fighting
 37411 | Vaults:2 | Noticed Boris
 37425 | Vaults:2 | Killed Boris
 37952 | Vaults:2 | Identified the +9 scimitar of Epagah {vorpal, rC- MP+9
                  | Int+2}
 38465 | Vaults:3 | Found a staircase to the Crypt.
 38961 | Vaults:3 | Reached XP level 21. HP: 155/155 MP: 39/39
 39253 | Vaults:3 | Got Vehumet's Exposition on Conjury
 39322 | Vaults:3 | Reached skill level 17 in Fighting
 40176 | Vaults:4 | Reached skill level 15 in Throwing
 40311 | Vaults:4 | Reached skill level 15 in Stealth
 40891 | Vaults:4 | Upgraded the game from 0.29.0-3-gbb0933ed62 to
                  | 0.29.0-4-gdea44cf6ec
 41624 | Spider:1 | Reached skill level 15 in Short Blades
 41624 | Spider:1 | Reached skill level 15 in Long Blades
 41624 | Spider:1 | Reached skill level 15 in Axes
 41624 | Spider:1 | Reached skill level 15 in Maces & Flails
 41624 | Spider:1 | Reached skill level 15 in Polearms
 41624 | Spider:1 | Reached skill level 15 in Staves
 41624 | Spider:1 | Reached skill level 15 in Armour
 41624 | Spider:1 | Reached skill level 15 in Dodging
 41624 | Spider:1 | Reached skill level 15 in Shields
 41624 | Spider:1 | Reached skill level 15 in Unarmed Combat
 41624 | Spider:1 | Reached skill level 15 in Spellcasting
 41624 | Spider:1 | Reached skill level 15 in Evocations
 41987 | Spider:2 | Found a frozen archway.
 42009 | IceCv    | Entered an ice cave
 42040 | IceCv    | Learned a level 6 spell: Statue Form
 42403 | IceCv    | Identified the ring "Jemeofer" {rC+ rN++ Will+ Int+4}
 43073 | Spider:2 | Reached skill level 18 in Fighting
 43285 | Spider:2 | Reached XP level 22. HP: 165/165 MP: 41/41
 43949 | Spider:3 | Identified Roxanne's Commentary on Changing
 43949 | Spider:3 | Noticed Roxanne
 43959 | Spider:3 | Killed Roxanne
 44357 | Spider:4 | Entered Level 4 of the Spider Nest
 44554 | Spider:4 | Identified the +6 flail of Linearity {drain, *Corrode rElec
                  | rC+ Dex+2}
 44961 | Spider:4 | Got a gossamer rune of Zot
 45376 | Spider:4 | Reached XP level 23. HP: 172/172 MP: 42/42
 45711 | Depths:1 | Entered Level 1 of the Depths
 45741 | Depths:1 | Found Quissoin's Magic Scroll Emporium.
 45854 | Depths:1 | Found a gateway to Hell.
 45955 | Depths:1 | Found a shimmering altar of Xom.
 45959 | Depths:1 | Noticed Bai Suzhen
 45970 | Depths:1 | Killed Bai Suzhen
 46074 | Depths:1 | Identified the +8 war axe of Beyond {protect, rF++}
 46155 | Depths:1 | Reached skill level 19 in Fighting
 46374 | Depths:1 | Learned a level 7 spell: Ozocubu's Refrigeration
 46380 | Depths:1 | Learned a level 5 spell: Lee's Rapid Deconstruction
 46816 | Depths:2 | Reached XP level 24. HP: 180/180 MP: 33/43
 47024 | Depths:2 | Identified the +3 ring mail of Hysteria {rC+ Str+2}
 47446 | D:12     | Learned a level 7 spell: Spellforged Servitor
 47454 | D:12     | Learned a level 6 spell: Iron Shot
 47718 | Depths:2 | Got the Tome of the Generative Pyromaniac
 48035 | Depths:2 | Found a one-way gate leading to the halls of Pandemonium.
 48307 | Depths:3 | Found a runed translucent gate.
 48307 | Depths:3 | Found a runed translucent gate.
 48307 | Depths:3 | Found a runed translucent gate.
 48308 | Depths:3 | Noticed xzight's ghost (legendary MiBe)
 48308 | Depths:3 | Noticed a dread lich
 48625 | Depths:3 | Killed a dread lich
 48839 | Depths:3 | Killed xzight's ghost
 48902 | Depths:3 | Identified the ring of Wyz Bum {rC+ rN+}
 48943 | Depths:4 | Entered Level 4 of the Depths
 49116 | Depths:4 | Reached skill level 20 in Fighting
 49246 | Depths:4 | Found Zyves's Weapon Shoppe.
 49396 | Depths:4 | Found a one-way gate to the infinite horrors of the Abyss.
 49526 | Depths:4 | Identified the +1 leather armour "Turiag" {+Blink rElec
                  | Regen+}
 49731 | Depths:4 | Found a gate to the Realm of Zot.
 50991 | Vaults:5 | Entered Level 5 of the Vaults
 50995 | Vaults:5 | Reached XP level 25. HP: 185/190 MP: 32/43
 51102 | Vaults:5 | Found Sean's Magic Scroll Shoppe.
 51103 | Vaults:5 | Noticed a dread lich
 51122 | Vaults:5 | Killed a dread lich
 51161 | Vaults:5 | Bought a scroll of acquirement for 1092 gold pieces
 51417 | Vaults:5 | Noticed a dread lich
 51423 | Vaults:5 | Killed a dread lich
 51547 | Vaults:5 | Noticed a dread lich
 51556 | Vaults:5 | Killed a dread lich
 51643 | Vaults:5 | Noticed an ancient lich
 51650 | Vaults:5 | Killed an ancient lich
 51690 | Vaults:5 | Identified the +3 quarterstaff "Zaatoz" {vorpal, Drain
                  | Int+4}
 51720 | Vaults:5 | Identified the +5 scale mail of Freedom {rC+ Str+4}
 51722 | Vaults:5 | Identified the +7 dagger of the Vanishing Spines {vamp,
                  | Int+3 Stlth+}
 51806 | Vaults:5 | Identified the ring "Bask" {rC+ Will+ rCorr Dex-2}
 51853 | Vaults:5 | Reached skill level 21 in Fighting
 52070 | Vaults:5 | Identified the +1 shortbow "Udixaaba" {flame, Fragile rF+++
                  | Int+7 Stlth+}
 52234 | Vaults:5 | Got a silver rune of Zot
 52332 | Vaults:5 | Identified the +1 scale mail "Nesoad" {rPois}
 52626 | Vaults:5 | Acquired a +4 triple sword of flaming
 52938 | Zot:1    | Entered Level 1 of the Realm of Zot
 53079 | Zot:1    | Got the Commentary on Bolts
 53296 | Zot:1    | Reached XP level 26. HP: 199/199 MP: 40/44
 54478 | Zot:1    | Noticed an orb of fire
 54502 | Zot:1    | Killed an orb of fire
 54740 | Zot:1    | Reached skill level 15 in Conjurations
 54740 | Zot:1    | Reached skill level 15 in Hexes
 54740 | Zot:1    | Reached skill level 15 in Summonings
 54740 | Zot:1    | Reached skill level 15 in Necromancy
 54740 | Zot:1    | Reached skill level 15 in Translocations
 54740 | Zot:1    | Reached skill level 15 in Transmutations
 54740 | Zot:1    | Reached skill level 15 in Fire Magic
 54740 | Zot:1    | Reached skill level 15 in Ice Magic
 54740 | Zot:1    | Reached skill level 15 in Air Magic
 54740 | Zot:1    | Reached skill level 15 in Earth Magic
 54740 | Zot:1    | Reached skill level 15 in Poison Magic
 54893 | Zot:2    | Found a transporter.
 55052 | Zot:2    | Learned a level 3 spell: Portal Projectile
 55982 | Zot:2    | Found a transporter.
 56000 | Zot:2    | Noticed an orb of fire
 56000 | Zot:2    | Noticed an orb of fire
 56099 | Zot:3    | Reached skill level 22 in Fighting
 56186 | Zot:3    | Found a runed translucent door.
 56658 | Zot:3    | Noticed Juzit's ghost (legendary GnFi)
 56963 | Zot:3    | Found a transporter.
 57047 | Zot:3    | Found a transporter.
 57511 | Zot:3    | Killed Juzit's ghost
 57550 | Zot:3    | Got the Incunable of the Aerial Commander
 57551 | Zot:3    | Identified the +6 halberd of Bloody Death {vorpal, rElec
                  | rF+ rN+ Str+2 Dex+2}
 57988 | Zot:4    | Noticed a Killer Klown
 57988 | Zot:4    | Noticed a Killer Klown
 57997 | Zot:4    | Noticed a Killer Klown
 57997 | Zot:4    | Killed a Killer Klown
 58001 | Zot:4    | Killed a Killer Klown
 58006 | Zot:4    | Killed a Killer Klown
 58125 | Zot:4    | Found a shimmering altar of Xom.
 58125 | Zot:4    | Found a shimmering altar of Xom.
 58125 | Zot:4    | Found a shimmering altar of Xom.
 58125 | Zot:4    | Found a glowing silver altar of Zin.
 58127 | Zot:4    | Found a shimmering altar of Xom.
 58127 | Zot:4    | Found a shimmering altar of Xom.
 58171 | Zot:4    | Reached XP level 27. HP: 202/209 MP: 45/45
 58631 | Zot:5    | Entered Level 5 of the Realm of Zot
 58631 | Zot:5    | Noticed an orb of fire
 58631 | Zot:5    | Noticed an orb of fire
 58631 | Zot:5    | Noticed a dread lich
 58631 | Zot:5    | Noticed an orb of fire
 58631 | Zot:5    | Noticed an orb of fire
 58640 | Zot:5    | Got the Orb of Zot
 59081 | D:2      | Noticed Natasha
 59082 | D:2      | Killed Natasha
 59111 | D:2      | Noticed Natasha
 59130 | D:$      | Escaped with the Orb!

Illustrated notes

Levels and vault maps discovered:
D:1:      ldierk_walled_garden_2, layout_rooms
D:2:      layout_basic, uniq_robin, uniq_natasha, uniq_terence
D:3:      layout_basic
D:4:      layout_cave_pools, lemuel_round_altar, serial_shops, shop
D:5:      layout_rooms, tso_metal_star, minmay_temple_entry_arrows
D:6:      kennysheep_housing_project, layout_basic, gup_sewer_entry_glass
D:7:      layout_gridville, nicolae_dithmenos_through_a_glass_darkly,
          enter_bailey_3, uniq_duvessa, uniq_pikel
D:8:      layout_layer_cave, lemuel_round_altar, dpeg_oklobed_lair
D:9:      layout_basic, nicolae_elyvilon_peaceful_grove, orc_david_3
D:10:     layout_roguey, kennysheep_orc_sif_temple, nicolae_gozag_seed_capital,
          hangedman_decor_lopped, minmay_alternating_orb
D:11:     layout_roguey, minmay_misc_feat_tower, uniq_snorg
D:12:     layout_irregular_city, gammafunk_ghost_arena,
          lemuel_zombie_altar_yredelemnul
D:13:     dreamdust_cave_troll, layout_basic, serial_shops,
          nicolae_inconvenience_store, nicolae_shop_stone,
          nicolae_take_the_stairs, shop, nicolae_shop_clearance
D:14:     layout_gridville, grunt_vaults_entry_tiered, serial_park_tiny_2,
          uniq_rupert
D:15:     hangedman_depths_entry_civil_slaughter, layout_cave_pods,
          nicolae_trove_entry_crossroad, minivault_7
Temple:   regret_index_temple_generic_petals
Lair:1:   layout_roguey
Lair:2:   layout_cave_pods, basic_altar, uniq_amaemon
Lair:3:   layout_regular_city, elwin_shoals_entry_rocks,
          nicolae_spider_entry_non_spiders
Lair:4:   onia_ninara_swampy_vault, layout_cave_pods, gauntlet_entry_generic,
          infiniplex_staircase_pool
Lair:5:   gammafunk_lair_ancient_temple, layout_gridlike,
          minmay_slime_entry_jelly_boxes, ebering_ghost_inner_flame,
          infiniplex_staircase_pool_2
Shoals:1: layout_shoals, serial_shops, shop_fountains, nicolae_shop_self_help
Shoals:2: nicolae_shoals_mermall, layout_shoals
Shoals:3: layout_shoals, serial_nicolae_subway, nicolae_sub_station_stone,
          nicolae_sub_station_crystal, nicolae_sub_station_metal
Shoals:4: shoals_end_grunt_ice, layout_shoals, ebering_ghost_reflecting_pool
Spider:1: layout_spider_delve, hangedman_spider_mandibles
Spider:2: layout_spider_delve, portal_ice_cave_entry_ice_simulacra,
          nicolae_spider_rock_and_or_roll, hangedman_spider_tarantella_strand
Spider:3: layout_spider_delve, guppyfry_spider_mini_1, uniq_roxanne
Spider:4: hellmonk_spider_rune_endless_swarm
Orc:1:    layout_caves, uniq_josephine
Orc:2:    st_orc_congregation, layout_diamond_mine, uniq_saint_roka
Elf:1:    layout_gridlike, hangedman_elf_represent, minmay_shoptagon
Elf:2:    elven_hall_of_blades_hangedman_original [mumra_blade_entry_dagger],
          layout_onion_city, serial_shops, nicolae_shop_hallway_plus,
          corexii_checkpoint_a, nicolae_elf_loose_elemental_storage
Elf:3:    grunt_elf_hall_branching, layout_geoelf_diagonals, serial_shops, shop
Vaults:1: nicolae_vaults_quartermaster, v_alt_pattern_2, vaults_room_door_hall,
          nicolae_vaults_twisting_passages, ontoclasm_vaults_bender,
          nicolae_vaults_mini_display_case, vaults_room_hallway,
          vaults_room_stairs_pillars, vaults_room_boxed,
          nicolae_vaults_big_angled_halls, nicolae_vaults_big_ls,
          grunt_vaults_bifocal, vaults_room_pool, ontoclasm_vaults_shuriken,
          v_misc_25, layout_vaults_big_cross
Vaults:2: grunt_vaults_funnel, nicolae_vaults_network_star, v_misc_25,
          st_more_cells, v_misc_31, vaults_room_pool, v_misc_9,
          ontoclasm_vaults_decontamination, ontoclasm_vaults_chip,
          nicolae_vaults_yaktaur_gun_rack, vaults_mumra_chevron_long,
          layout_vaults_maze_bifur, uniq_boris
Vaults:3: nicolae_vaults_hallways_thing, vaults_dpeg_hooks,
          minmay_crypt_entry_simple_walls, ontoclasm_vaults_spin,
          grunt_vaults_focal, v_misc_13, v_misc_16, ontoclasm_vaults_hangar,
          vaults_room_hangedman_quadrants, nicolae_vaults_shelves_hall,
          grunt_vaults_hallway_long, vaults_room_semicircle,
          layout_vaults_omnigrid
Vaults:4: nicolae_vaults_murderbox, grunt_vaults_hallway_long,
          ontoclasm_vaults_ligature, nicolae_vaults_asterisk,
          nicolae_vaults_puzzle_piece, ontoclasm_vaults_eye, vaults_dpeg_doors,
          v_misc_29, nicolae_vaults_little_squares_6, layout_vaults_ring
Vaults:5
Depths:1: layout_big_octagon, serial_shops, shop, grunt_mini_vestibule,
          moated_statue, xom_confusion_cloud, uniq_bai_suzhen
Depths:2: kennysheep_snake, layout_gridville, hellmouth_1,
          minmay_misc_feat_four_crosses, rand_demon_pan_entry_7,
          minmay_staircase_statues_hall_small
Depths:3: kennysheep_cluttered_fort, layout_cave_shapes, enter_ziggurat_d,
          hell_entry, grunt_pan_entry_spiral, gammafunk_ghost_necromancy,
          nicolae_abyss_entry_one_way_or_another,
          infiniplex_staircase_hallway_doors, serial_bayou_shore_a
Depths:4: grunt_zot_entry_bicorn, layout_basic, hell_entry, abyss_entry,
          serial_shops, nicolae_shop_bloodbath_and_beyond, nicolae_water_bricks,
          grunt_megastairs_5
Zot:1:    layout_gridlike
Zot:2:    gammafunk_dig_for_victory, layout_gridlike
Zot:3:    gammafunk_sealed_arena, layout_cathedral_of_symmetry,
          ebering_ghost_reflecting_pool, grunt_megastairs_1
Zot:4:    dreamdust_zin_vs_xom, layout_gridlike, grunt_megastairs_2
Zot:5:    layout_gridville, gammafunk_ghost_door_vault

Skill      XL: |  1  2  3  4  5  6  7  8  9 10 11 12 13 14 15 16 17 18 19 20 21 22 23 24 25 26 |
---------------+-------------------------------------------------------------------------------+-----
Ranged Weapons | 11 12 13 14 15 16 17 18 19 20 | 20.5
Short Blades   | 1 2 3 5 6 7 8 9 10 11 12 13 14 15 16 17 18 | 18.2
Long Blades    | 1 2 3 5 6 7 8 9 10 11 12 13 14 15 16 17 18 | 18.2
Axes           | 1 2 3 5 6 7 8 9 10 11 12 13 14 15 16 17 18 | 18.2
Maces & Flails | 1 2 3 5 6 7 8 9 10 11 12 13 14 15 16 17 18 | 18.2
Polearms       | 1 2 3 5 6 7 8 9 10 11 12 13 14 15 16 17 18 | 18.2
Staves         | 1 2 3 5 6 7 8 9 10 11 12 13 14 15 16 17 18 | 18.2
Armour         | 1 2 3 5 6 7 8 9 10 11 12 13 14 15 16 17 18 | 18.2
Dodging        | 1 2 3 5 6 7 8 9 10 11 12 13 14 15 16 17 18 | 18.2
Shields        | 1 2 3 5 6 7 8 9 10 11 12 13 14 15 16 17 18 | 18.2
Unarmed Combat | 1 2 3 5 6 7 8 9 10 11 12 13 14 15 16 17 18 | 18.2
Spellcasting   | 1 2 3 5 6 7 8 9 10 11 12 13 14 15 16 17 18 | 18.2
Evocations     | 1 2 3 5 6 7 8 9 10 11 12 13 14 15 16 17 18 | 18.2
Conjurations   | 1 2 3 4 5 6 7 8 9 10 11 12 13 14 15 | 15.5
Hexes          | 1 2 3 4 5 6 7 8 9 10 11 12 13 14 15 | 15.5
Summonings     | 1 2 3 4 5 6 7 8 9 10 11 12 13 14 15 | 15.5
Necromancy     | 1 2 3 4 5 6 7 8 9 10 11 12 13 14 15 | 15.5
Translocations | 1 2 3 4 5 6 7 8 9 10 11 12 13 14 15 | 15.5
Transmutations | 1 2 3 4 5 6 7 8 9 10 11 12 13 14 15 | 15.5
Fire Magic     | 1 2 3 4 5 6 7 8 9 10 11 12 13 14 15 | 15.5
Ice Magic      | 1 2 3 4 5 6 7 8 9 10 11 12 13 14 15 | 15.5
Air Magic      | 1 2 3 4 5 6 7 8 9 10 11 12 13 14 15 | 15.5
Earth Magic    | 1 2 3 4 5 6 7 8 9 10 11 12 13 14 15 | 15.5
Poison Magic   | 1 2 3 4 5 6 7 8 9 10 11 12 13 14 15 | 15.5
Invocations    | 3 4 5 6 7 8 9 10 11 12 13 14 15 16 17 18 19 | 19.9
Throwing       | 3 4 5 6 7 8 9 10 11 12 13 14 15 16 17 18 | 18.4
Fighting       | 5 6 7 8 9 10 11 12 13 14 15 16 18 19 20 21 22 | 22.5
Stealth        | 3 4 5 6 7 8 9 10 11 12 13 14 15 16 17 18 | 18.4

Action                   |  1- 3 |  4- 6 |  7- 9 | 10-12 | 13-15 | 16-18 | 19-21 | 22-24 | 25-27 || total
-------------------------+-------+-------+-------+-------+-------+-------+-------+-------+-------++-------
Melee: Quarterstaff      |       |       |    31 |     2 |       |       |       |       |       ||    33
       Bite              |       |       |     5 |       |       |       |     1 |    57 |    54 ||   117
       Double sword      |       |       |       |       |       |       |     4 |   295 |   205 ||   504
       Triple sword      |       |       |       |       |       |       |       |       |     8 ||     8
 Fire: Shortbow          |    81 |   152 |   252 |   158 |       |       |       |       |       ||   643
       Arbalest          |       |       |       |   237 |   628 |   744 |   885 |   274 |   388 ||  3156
       Longbow           |       |       |       |       |       |     4 |       |       |       ||     4
Throw: Dart              |       |       |       |     1 |     5 |       |     2 |       |       ||     8
 Cast: Blink             |       |     3 |       |     5 |     8 |     2 |     4 |     5 |    13 ||    40
       Leda's Liquefacti |       |       |       |     3 |    11 |     3 |       |     2 |       ||    19
       Olgreb's Toxic Ra |       |       |       |    13 |   104 |    94 |    55 |    33 |     1 ||   300
       Ignite Poison     |       |       |       |     3 |    41 |    40 |    27 |     9 |     1 ||   121
       Passage of Golubr |       |       |       |     3 |       |     2 |     1 |       |     2 ||     8
       Swiftness         |       |       |       |     1 |       |       |       |       |       ||     1
       Irradiate         |       |       |       |       |    17 |     6 |    17 |    10 |    11 ||    61
       Borgnjor's Vile C |       |       |       |       |    11 |    46 |    55 |    23 |    26 ||   161
       Teleport Other    |       |       |       |       |     1 |       |       |       |       ||     1
       Passwall          |       |       |       |       |       |     2 |       |       |    10 ||    12
       Statue Form       |       |       |       |       |       |       |     4 |    32 |    34 ||    70
       Spellforged Servi |       |       |       |       |       |       |       |     8 |    49 ||    57
       Lee's Rapid Decon |       |       |       |       |       |       |       |     3 |       ||     3
       Ozocubu's Refrige |       |       |       |       |       |       |       |     2 |       ||     2
       Iron Shot         |       |       |       |       |       |       |       |       |     2 ||     2
       Portal Projectile |       |       |       |       |       |       |       |       |     2 ||     2
Invok: Ancestor Life: Kn |       |       |     1 |       |       |       |       |       |       ||     1
       Recall Ancestor   |       |       |       |       |     4 |     3 |     3 |       |     6 ||    16
       Idealise          |       |       |       |       |     2 |     2 |     3 |     3 |     9 ||    19
       Transference      |       |       |       |       |       |     1 |       |       |       ||     1
 Abil: End Transformatio |       |       |       |       |       |       |     3 |     4 |       ||     7
Evoke: Wand              |       |       |     2 |     8 |     3 |       |     1 |       |     3 ||    17
       Phantom mirror    |       |       |       |       |       |     1 |     1 |       |       ||     2
       Tin of tremorston |       |       |       |       |       |       |     2 |     4 |     6 ||    12
       Condenser vane    |       |       |       |       |       |       |       |       |     2 ||     2
  Use: Scroll            |       |     3 |     9 |     6 |     6 |     7 |     8 |     4 |    18 ||    61
       Potion            |       |       |       |     1 |       |       |       |     1 |     7 ||     9
 Stab: Distracted        |       |       |     1 |       |       |       |       |     8 |    13 ||    22
       Sleeping          |       |       |       |       |       |       |       |     4 |       ||     4
Armor: Chain mail        |     2 |       |       |       |       |       |       |       |       ||     2
       Leather armour    |     2 |    20 |    20 |       |       |       |       |       |    28 ||    70
       Troll leather arm |       |       |     9 |    16 |    42 |    11 |       |       |       ||    78
       Ring mail         |       |       |       |       |       |    61 |    14 |       |       ||    75
       Scale mail        |       |       |       |       |       |       |   136 |    33 |       ||   169
       Skin              |       |       |       |       |       |       |       |   206 |   110 ||   316
Dodge: Dodged            |     4 |    25 |    65 |    43 |   125 |   131 |   182 |   376 |   271 ||  1222
Block: Buckler           |       |       |       |       |       |       |       |   153 |    77 ||   230
